 Dungeon Crawl Stone Soup version 0.16-a0-922-gae79c9c (webtiles) character file.

483 Kashira the Bolt Thrower (level 7, 38/38 HPs)
             Began as a Kobold Arcane Marksman on Sept 30, 2014.
             Got out of the dungeon alive.
             The game lasted 00:16:03 (4921 turns).

Kashira the Bolt Thrower (Kobold Arcane Marksman)   Turns: 4921, Time: 00:16:03

HP  38/38        AC 10     Str 10      XL: 7   Next: 35%
MP  12/12        EV 16     Int 13      God:
Gold 166         SH  0     Dex 15      Spells:  3 memorised,  4 levels left

rFire  . . .     SeeInvis .     c - +1 dagger (speed)
rCold  . . .     Clarity  .     a - +0 robe
rNeg   . . .     rCorr    .     (no shield)
rPois  .         rRot     .     (no helmet)
rElec  .         Spirit   .     o - +0 cloak
SustAb .         Warding  .     e - +0 pair of gloves
rMut   .         Stasis   .     (no boots)
Gourm  .                        (no amulet)
MR     .....                    v - +6 ring of protection
                                (no ring)

@: not resistant to hostile enchantments, unstealthy
A: carnivore 3
a: no special abilities


You escaped.
You were not hungry.

You visited 1 branch of the dungeon, and saw 5 of its levels.

You collected 166 gold pieces.

Inventory:

Hand weapons
 b - a +0 hand crossbow
 c - a +1 dagger of speed (weapon)
Missiles
 x - 5 bolts
Armour
 a - a +0 robe (worn)
 e - a +0 pair of gloves (worn)
 o - a +0 cloak (worn)
Magical devices
 n - a wand of confusion (0)
Comestibles
 f - 2 meat rations
 h - 2 beef jerkies
 w - a slice of pizza
Scrolls
 j - 2 scrolls of enchant weapon {unknown}
 k - a scroll of amnesia {unknown}
 l - 2 scrolls of magic mapping {unknown}
 m - 6 scrolls of identify {unknown}
 p - a scroll of random uselessness {unknown}
 q - a scroll of immolation {unknown}
 t - a scroll of enchant armour {unknown}
 u - a scroll of fear {unknown}
Jewellery
 v - a +6 ring of protection (right hand)
Potions
 g - a potion of cancellation
 i - 2 potions of curing
 r - a potion of flight {unknown}
 s - 3 potions of agility {unknown}
Books
 d - a book of Debilitation

   Spells                             Type                      Level
   *Corona                            Hexes                        1
   *Slow                              Hexes                        2
   *Inner Flame                       Hexes/Fire                   3
   Enslavement                        Hexes                        4
   Cause Fear                         Hexes                        4
   Leda's Liquefaction                Hexes/Earth                  4


   Skills:
 + Level 1.3 Fighting
 + Level 6.4 Crossbows
 + Level 4.2 Dodging
 + Level 1.5 Stealth
 + Level 2.2 Spellcasting
 + Level 4.2 Hexes
 + Level 0.6 Fire Magic


You had 4 spell levels left.
You knew the following spells:

 Your Spells              Type           Power        Failure   Level  Hunger
a - Corona                Hex            ##.....      6%          1    ##.....
b - Slow                  Hex            ##......     10%         2    ###....
c - Inner Flame           Hex/Fire       #.......     34%         3    ####...


Dungeon Overview and Level Annotations

Branches:
Dungeon (5/15)
 Temple: D:4-7

Altars:

Annotations:
D:4 Kashira's ghost, average FoSk


Innate Abilities, Weirdness & Mutations

You are small and have problems with some larger weapons.
You are carnivorous and can eat meat at any time.


Message History

Press ? for a list of commands and other information.
(D) Dungeon
Where to? (? - help)
What level of the Dungeon? (default 1, ? - help)
There is an open door here.
There is an open door here.
There is a stone staircase leading up here.
You climb upwards.
There is a stone staircase leading down here.
You see here a bread ration.
There is a stone staircase leading up here.
You climb upwards.
There is a stone staircase leading down here.
There is a stone staircase leading up here.
You climb upwards.
There is a stone staircase leading down here.
There is an open door here.
There is a staircase leading out of the dungeon here.
Are you sure you want to leave the Dungeon?
This will make you lose the game!
You have escaped!

#.#.....##.#####.#....##.###...#
##.....................##.###....
...#.....##..........)...........
...+.................###...#.....
...#...##......#########.#.#.....
...#.......................#.....
...#.....P#≈#P.....P#≈#P.........
######..P##≈##P...P##≈##P........
#...≈≈≈≈≈..@..≈≈≈≈≈.........
##.P##≈##P...P##≈##P........
#..P#≈#P.....P#≈#P...#....#
#....................#....#
#..............###...#....#
#..............# #.........
#..............# #..##.#### #####
##...#####(....# #..##...##
....####...#####.....# #..##...##


There were no monsters in sight!

Vanquished Creatures
  A centaur (D:5)
  A hound (D:4)
  An orc wizard (D:4)
  An iguana (D:3)
  2 giant frog skeletons
  Natasha (thrice) (D:3)
  2 worker ants
  Jessica (D:2)
  Terence (D:2)
  5 adders
  2 worms (D:4)
  A giant gecko (D:2)
  14 orcs
  2 giant cockroaches (D:3)
  12 goblins
  7 hobgoblins
  5 jackals
  8 kobolds
  2 ball pythons (D:3)
  12 bats
  4 giant newts
  11 rats
98 creatures vanquished.

Notes
Turn   | Place    | Note
--------------------------------------------------------------
     0 | D:1      | Kashira, the Kobold Arcane Marksman, began the quest for the Orb.
     0 | D:1      | Reached XP level 1. HP: 12/12 MP: 2/2
   251 | D:1      | Reached XP level 2. HP: 16/16 MP: 3/3
   718 | D:2      | Noticed Jessica
   724 | D:2      | Reached XP level 3. HP: 17/20 MP: 2/4
   748 | D:2      | Killed Jessica
   980 | D:2      | Learned a level 2 spell: Slow
  1227 | D:2      | Reached XP level 4. HP: 25/25 MP: 6/6
  1333 | D:2      | Noticed Terence
  1374 | D:2      | Killed Terence
  1519 | D:2      | Reached skill level 4 in Crossbows
  1686 | D:3      | Noticed Natasha
  1914 | D:3      | Killed Natasha
  1914 | D:3      | Reached XP level 5. HP: 23/29 MP: 7/7
  2094 | D:3      | Learned a level 3 spell: Inner Flame
  2227 | D:3      | Noticed Natasha
  2229 | D:3      | Killed Natasha
  2401 | D:3      | Reached skill level 5 in Crossbows
  2567 | D:3      | Noticed Natasha
  2568 | D:3      | Killed Natasha
  2911 | D:4      | Noticed Kashira's ghost (average FoSk)
  3014 | D:4      | Reached XP level 6. HP: 34/34 MP: 9/9
  3505 | D:4      | Reached skill level 6 in Crossbows
  4295 | D:5      | Entered Level 5 of the Dungeon
  4406 | D:5      | Reached XP level 7. HP: 27/38 MP: 12/12
  4518 | D:5      | Reached skill level 1 in Stealth
  4921 | D:$      | Got out of the dungeon alive.

Action                   |  1- 3 |  4- 6 |  7- 9 || total
-------------------------+-------+-------+-------++-------
Melee: Hand crossbow     |     9 |    17 |       ||    26
       Dagger            |       |    79 |    45 ||   124
       Short sword       |       |     8 |       ||     8
 Fire: Hand crossbow     |    61 |   201 |     6 ||   268
 Cast: Corona            |     5 |    14 |     4 ||    23
       Slow              |       |     7 |     2 ||     9
       Inner Flame       |       |     3 |       ||     3
Evoke: Wand              |       |     2 |       ||     2
  Use: Potion            |     1 |     1 |       ||     2
       Scroll            |       |     2 |       ||     2
  Eat: Chunk             |       |    12 |     5 ||    17
